 Dungeon Sprint DCSS version 0.29-a0-653-gd47aff6735 (webtiles) character file.

Game seed: 8436557646546377131

621 purpskrrrp the Fighter (level 7, -20/132 HPs)
             Began as an Ogre Berserker on June 22, 2022.
             Was a Believer of Trog.
             Demolished by Sonja
             ... wielding a +2 dagger of distortion
              (24 damage)
             ... in the Dungeon (Sprint I: "Red Sonja").
             The game lasted 00:05:27 (818 turns).

purpskrrrp the Fighter (Ogre Berserker)              Turns: 818, Time: 00:05:27

Health: -20/132    AC:  3    Str: 24    XL:     7   Next: 46%
Magic:  7/7        EV: 11    Int:  8    God:    Trog [**....]
Gold:   405        SH:  0    Dex:  8    Spells: 6/6 levels left

rFire   . . .      SeeInvis .   i - +0 giant club
rCold   . . .      Faith    .   (shield currently unavailable)
rNeg    . . .      Spirit   .   b - +0 animal skin
rPois   .          Reflect  .   (helmet restricted)
rElec   .          Harm     .   (no cloak)
rCorr   .          Rampage  .   (gloves unavailable)
Will    .....      NoTele   +   (boots unavailable)
Stlth   ..........              (no amulet)
HPRegen 0.32/turn               (no ring)
MPRegen 0.10/turn               (no ring)

@: berserking (expiring), lethally poisoned (-20 -> -21), slowed
A: large, unfitting armour, tough skin 1
a: Renounce Religion, Berserk, Trog's Hand


You were in the Dungeon.
You worshipped Trog.
Trog was pleased with you.
You visited 1 branch You collected 405 gold pieces.

Inventory:

Hand Weapons
 a - a +0 hand axe
 i - a +0 giant club (weapon)
 k - a +0 scythe
Armour
 b - a +0 animal skin (worn)
Wands
 e - a wand of iceblast (6) (quivered)
 j - a wand of flame (17)
Scrolls
 h - a scroll of blinking
 l - a scroll of identify
Potions
 c - a potion of curing
 d - a potion of heal wounds
 f - 2 potions of magic
 g - a potion of brilliance


   Skills:
 + Level 11.0 Fighting
 + Level 10.2(10.6) Axes
 + Level 3.9(7.1) Maces & Flails
 + Level 7.8 Dodging
 + Level 1.4 Stealth
 + Level 1.0 Evocations


You had 6 spell levels left.
You didn't know any spells.
Your spell library was empty.

Dungeon Overview and Level Annotations

Branches:
Dungeon (1/1)

Altars:
Cheibriados
Dithmenos
Elyvilon
Fedhas
Gozag
Hepliaklqana
Kikubaaqudgha
Makhleb
Nemelex Xobeh
Okawaru
Qazlal
Ru
Sif Muna
Trog
Uskayaw
Vehumet
Wu Jian
Xom
Yredelemnul
Zin
The Shining One
Jiyva
Lugonu

Shops:
D =

Annotations:
D Sonja


Innate Abilities, Weirdness & Mutations

You are too large for most types of armour.
You have tough skin. (AC +1)


Message History

Sonja shouts!
Sonja throws a curare-tipped dart.
The curare-tipped dart hits you.
You are poisoned.
You have difficulty breathing.
You feel yourself slow down.
Found 108 gold pieces.
You feel very sick.
You feel very sick.
There is a shimmering blue altar of Sif Muna here.
A red film seems to cover your vision as you go berserk!
You feel yourself moving faster!
You feel mighty!
You feel sick. Sonja barely misses you.
Sonja hits you with a +2 dagger of distortion.
Space warps around you. Sonja misses you.
Sonja hits you with a +2 dagger of distortion!
Space warps horribly around you!!
Sonja hits you with a +2 dagger of distortion.
Sonja hits you but does no damage.
You barely miss Sonja.
You feel sick.
Sonja hits you with a +2 dagger of distortion.
Space warps around you.
Sonja hits you with a +2 dagger of distortion.
Space warps around you.
Sonja hits you with a +2 dagger of distortion.
You barely miss Sonja.
You feel sick.
Sonja hits you with a +2 dagger of distortion. x2
* * * LOW HITPOINT WARNING * * *
Sonja barely misses you. x2; Sonja hits you but does no damage.
Sonja hits you with a +2 dagger of distortion.
* * * LOW HITPOINT WARNING * * *
Space warps around you.
* * * LOW HITPOINT WARNING * * *
You completely miss Sonja.
You feel sick.
Sonja hits you with a +2 dagger of distortion.
* * * LOW HITPOINT WARNING * * *
Space warps horribly around you!!
* * * LOW HITPOINT WARNING * * *
Sonja hits you with a +2 dagger of distortion.
* * * LOW HITPOINT WARNING * * *
Space warps horribly around you!!
You die...

######################
#<.#..÷..#..'..#__#..+
#..)..#..'[.#..'..'..#
#..#####'#####'#__####
#..####..#...#.####
#..#__####..##)#
#..#_____##'#_.+
#⌠⌠#_.∩...†..K@#
####_..__##_.#+#
#_____###'# #######
#K# $.$ $.$ ##.## #+#


You could see Sonja.

Vanquished Creatures
  A slime creature (D)
  A yak (D)
  Sigmund (D)
  An ogre (D)
  A jelly (D)
  Ijyb (D)
6 creatures vanquished.

Notes
Turn   | Place    | Note
-------+----------+-------------------------------------------
     0 | D        | purpskrrrp the Ogre Berserker began the quest for the Orb.
     0 | D        | Reached XP level 1. HP: 24/24 MP: 1/1
     1 | D        | Noticed Ijyb
     6 | D        | Killed Ijyb
     7 | D        | Reached skill level 5 in Fighting
     7 | D        | Reached XP level 2. HP: 36/36 MP: 2/2
     7 | D        | Reached XP level 3. HP: 44/44 MP: 3/3
    15 | D        | Noticed an ogre
    28 | D        | Killed an ogre
    29 | D        | Reached skill level 7 in Fighting
    29 | D        | Reached skill level 5 in Dodging
    29 | D        | Reached XP level 4. HP: 6/57 MP: 4/4
   304 | D        | Noticed Sigmund
   314 | D        | Killed Sigmund
   314 | D        | Reached ** piety under Trog
   315 | D        | Reached skill level 9 in Fighting
   315 | D        | Reached XP level 5. HP: 50/67 MP: 5/5
   315 | D        | Reached XP level 6. HP: 56/75 MP: 6/6
   419 | D        | Found a burning altar of Makhleb.
   419 | D        | Found a viscous altar of Jiyva.
   419 | D        | Found a shimmering altar of Xom.
   419 | D        | Found a corrupted altar of Lugonu.
   419 | D        | Noticed a slime creature
   430 | D        | Killed a slime creature
   431 | D        | Reached skill level 10 in Fighting
   431 | D        | Reached skill level 1 in Stealth
   431 | D        | Reached XP level 7. HP: 32/87 MP: 7/7
   661 | D        | Found an ornate altar of the Wu Jian Council.
   661 | D        | Found a shimmering blue altar of Sif Muna.
   663 | D        | Found a radiant altar of Vehumet.
   720 | D        | Found Ryass's Jewellery Emporium.
   720 | D        | Found an ancient bone altar of Kikubaaqudgha.
   720 | D        | Found a hazy altar of Hepliaklqana.
   720 | D        | Found a stormy altar of Qazlal.
   720 | D        | Found a hide-covered altar of Uskayaw.
   720 | D        | Found a blossoming altar of Fedhas.
   720 | D        | Found a bloodstained altar of Trog.
   720 | D        | Found an iron altar of Okawaru.
   720 | D        | Found a basalt altar of Yredelemnul.
   720 | D        | Found a glowing golden altar of the Shining One.
   720 | D        | Found a snail-covered altar of Cheibriados.
   720 | D        | Found a sacrificial altar of Ru.
   720 | D        | Found a glowing silver altar of Zin.
   720 | D        | Found a shadowy altar of Dithmenos.
   720 | D        | Found a white marble altar of Elyvilon.
   720 | D        | Noticed a yak
   723 | D        | Killed a yak
   723 | D        | Reached *** piety under Trog
   724 | D        | Reached skill level 11 in Fighting
   724 | D        | Reached skill level 10 in Axes
   724 | D        | Reached skill level 1 in Evocations
   724 | D        | Found an opulent altar of Gozag.
   802 | D        | Found a sparkling altar of Nemelex Xobeh.
   812 | D        | Noticed Sonja
   818 | D        | HP: 4/132 [Sonja/+2 dagger of distortion (3)]
   818 | D        | Demolished by Sonja

Illustrated notes

Levels and vault maps discovered:
D:        dungeon_sprint_1 [red_sonja_temple_1, red_sonja_temple_small_1]

Skill      XL: |  1  2  3  4  5  6  7 |
---------------+----------------------+-----
Fighting       | 5 7 9 10 11 | 11.0
Axes           | 4 6 8 9 10 | 10.2
Dodging        | 3 5 6 7 |  7.8
Maces & Flails | 2 3 |  3.9
Stealth        | 1 |  1.4
Evocations     | 1 |  1.0

Action                   |  1- 3 |  4- 6 |  7- 9 || total
-------------------------+-------+-------+-------++-------
Melee: Hand axe          |    12 |       |       ||    12
       Giant club        |       |    18 |     8 ||    26
Invok: Berserk           |       |       |     1 ||     1
Evoke: Wand              |     1 |     2 |       ||     3
  Use: Potion            |     2 |       |       ||     2
       Scroll            |       |       |     1 ||     1
Armor: Animal skin       |     1 |       |     3 ||     4
Dodge: Dodged            |     7 |    11 |     4 ||    22

Table legend: (Time is in decaauts)
 A = Elapsed time spent in this place.
 B = Non-inter-level travel time spent in this place.
 C = Inter-level travel time spent in this place.
 D = Time resting spent in this place.
 E = Time spent auto-exploring this place.
 F = Levels seen in this place.
 G = Mean time per level.
                   A        B        C        D        E       F      G
               +--------+--------+--------+--------+--------+-----+--------+
         Total |    823 |    752 |     71 |    642 |      1 |   1 |  823.0 |
       Dungeon |    823 |    752 |     71 |    642 |      1 |   1 |  823.0 |
               +--------+--------+--------+--------+--------+-----+--------+

Top non-repeatable levels by time:
       D: 823 daAuts
